[Event "Titled Tuesday Blitz July 13 2021"]
[White "Damjanovic, Vladimir"]
[Black "Piesik, Piotr"]
[WhiteFideId "903795"]
[BlackFideId "1136194"]
[WhiteElo "2374"]
[BlackElo "2354"]
[Result "1-0"]
[Round "04"]
[TimeControl "180+1"]
[Date "2021.07.13"]
[WhiteClock "0:00:05"]
[BlackClock "0:00:08"]

1. e4 g6 2. d4 Bg7 3. Nc3 c6 4. h4 h5 5. Bg5 d5 6. e5 f6 7. exf6 exf6 8. Bf4 Nh6 9. Bd3 Nf5 10. Nce2 Kf7 11. c3 Re8 12. Qc2 Na6 13. O-O-O b5 14. Ng3 Ne7 15. Re1 b4 16. Nf3 bxc3 17. bxc3 Qa5 18. Bd6 Bh6+ 19. Kb1 f5 20. Ne5+ Kf6 21. Ka1 Bb7 22. Bxe7+ Rxe7 23. Bxf5 Rxe5 24. Rxe5 Rg8 25. Rhe1 Nc7 26. Bxg6 Rxg6 27. Nxh5+ Kf7 28. Re7+ Kf8 29. Qf5+ Kg8 30. Qxg6+ 1-0


[Site "https://www.chess.com"]

[Event "Titled Tuesday Blitz July 13 2021"]
[White "Dan-Lowes"]
[Black "Nozdrachev, Leonid"]
[BlackFideId "24113433"]
[WhiteElo "2279"]
[BlackElo "2221"]
[Result "0-1"]
[Round "04"]
[TimeControl "180+1"]
[Date "2021.07.13"]
[WhiteClock "0:00:17"]
[BlackClock "0:00:08"]

1. e4 d6 2. d4 Nf6 3. Nc3 e5 4. Nge2 g6 5. dxe5 dxe5 6. Qxd8+ Kxd8 7. Bg5 Be7 8. Rd1+ Nbd7 9. Nc1 Re8 10. Nd3 Ng8 11. Bxe7+ Rxe7 12. g3 c6 13. Bh3 Kc7 14. O-O b6 15. f4 exf4 16. gxf4 Ndf6 17. Bxc8 Rxc8 18. e5 Ng4 19. Rfe1 f6 20. h3 N4h6 21. exf6 Rxe1+ 22. Rxe1 Rf8 23. Ne5 Nxf6 24. Nc4 Nf5 25. Re6 Nh5 26. Ne5 Nxf4 27. Rxc6+ Kb7 28. Nb5 Rf7 29. h4 Re7 30. a4 a6 31. Nd6+ Nxd6 32. Rxd6 Rxe5 33. Rd7+ Kc6 34. Rxh7 Re2 35. Rf7 Nh3+ 36. Kf1 Rxc2 37. Rf6+ Kc5 38. Rxg6 Rxb2 39. h5 Rf2+ 40. Ke1 Rh2 41. h6 Nf4 42. Rf6 Nd5 43. Rg6 Ne3 44. Re6 Nc2+ 45. Kf1 Nd4 46. Kg1 Nxe6 47. Kxh2 Nf8 48. Kg3 b5 49. Kf4 bxa4 50. Kg5 a3 51. Kf6 a2 52. Kg7 a1=Q+ 53. Kxf8 Qh8+ 0-1


[Site "https://www.chess.com"]

[Event "Titled Tuesday Blitz July 13 2021"]
[White "Darini, Pouria"]
[Black "Howell, David W L"]
[WhiteFideId "12502200"]
[BlackFideId "410608"]
[WhiteElo "2489"]
[BlackElo "2643"]
[Result "0-1"]
[Round "04"]
[TimeControl "180+1"]
[Date "2021.07.13"]
[WhiteClock "0:00:01"]
[BlackClock "0:00:36"]

1. e4 c5 2. Nf3 e6 3. d4 cxd4 4. Nxd4 Nf6 5. Nc3 Nc6 6. Be2 Bb4 7. Qd3 O-O 8. O-O d6 9. Nxc6 bxc6 10. Bg5 Bxc3 11. bxc3 h6 12. Bh4 g5 13. Bg3 e5 14. Rfd1 Be6 15. h4 Qe7 16. hxg5 hxg5 17. Qe3 Nd7 18. f3 f6 19. Qd2 d5 20. exd5 cxd5 21. c4 dxc4 22. Qd6 Rfe8 23. Bxc4 Bxc4 24. Qxd7 Be6 25. Qxe7 Rxe7 26. Rd6 Kf7 27. Bf2 Rc8 28. Ra6 Rxc2 29. Rxa7 Rxa7 30. Bxa7 Bxa2 31. Bf2 Kg6 32. Be3 Re2 33. Bc5 Kf5 34. Bf2 g4 35. fxg4+ Kxg4 36. Re1 Rb2 37. Re3 Bd5 38. Rg3+ Kf5 39. Rg7 Rb1+ 40. Kh2 Rb8 41. Bh4 Rh8 42. g3 Ra8 43. g4+ Kf4 44. Bxf6 Ra1 45. Bxe5+ Kxe5 46. Rg5+ Ke4 47. Rf5 Be6 48. Rf8 Bxg4 49. Kg3 Be6 50. Rf4+ Ke5 51. Rf2 Bc4 52. Rf8 Rg1+ 53. Kf2 Rf1+ 54. Ke3 Rxf8 0-1


[Site "https://www.chess.com"]

[Event "Titled Tuesday Blitz July 13 2021"]
[White "Deviprasath, Sharvesh"]
[Black "Tejedor Fuente, Enrique"]
[WhiteFideId "30938228"]
[BlackFideId "2299100"]
[WhiteElo "2102"]
[BlackElo "2535"]
[Result "0-1"]
[Round "04"]
[TimeControl "180+1"]
[Date "2021.07.13"]
[WhiteClock "0:00:11"]
[BlackClock "0:00:05"]

1. Nf3 d5 2. c4 e6 3. e3 Nf6 4. Nc3 c5 5. cxd5 exd5 6. d4 Nc6 7. Bb5 cxd4 8. Nxd4 Bd7 9. O-O Bd6 10. b3 O-O 11. Bb2 Rc8 12. Rc1 a6 13. Be2 Qc7 14. g3 Rfd8 15. Bf3 Bh3 16. Re1 Be7 17. Qd2 Qb8 18. Red1 Ne5 19. Bh1 h6 20. Nde2 Bg4 21. Bg2 Nf3+ 22. Bxf3 Bxf3 23. Re1 Bg4 24. Nf4 Bb4 25. a3 Ba5 26. b4 Bb6 27. Ncxd5 Nxd5 28. Nxd5 Rxc1 29. Rxc1 Qd6 30. Qc3 f6 31. Nf4 Bf3 32. Ng2 Qe6 33. Nf4 Qd7 34. Qc4+ Kh7 35. Qc2+ Kg8 36. Rf1 Bc6 37. Qg6 Qf7 38. Qxf7+ Kxf7 39. h4 g5 40. hxg5 hxg5 41. Nh5 Rh8 42. g4 Rh6 43. Bxf6 Rxf6 44. Nxf6 Kxf6 45. Rd1 Bc7 46. Kf1 Bf3 47. Rd2 Bxg4 48. Rd4 Bf5 49. Rc4 Bd6 50. Rd4 Ke7 51. Rd5 Ke6 52. Rd2 Be4 53. Rd4 Ke5 54. Rd1 Bc6 55. Rc1 Ke6 56. Rc3 Bb5+ 57. Ke1 Be5 58. Rc1 Bd6 59. Rb1 Bd7 60. Ra1 Be5 61. Rb1 Ke7 62. Rd1 Be6 63. Ke2 Bg4+ 64. f3 Be6 65. Rg1 Kf6 66. e4 Bb2 67. a4 Bc3 68. b5 axb5 69. axb5 Bc4+ 70. Kd1 Bxb5 71. Kc2 Be5 72. Rb1 Bc6 73. Rb6 Bd4 74. Rb4 Ke5 75. Kd3 Bc5 76. f4+ gxf4 77. Rc4 Bb5 0-1


[Site "https://www.chess.com"]

[Event "Titled Tuesday Blitz July 13 2021"]
[White "Dobrowolski, Piotr"]
[Black "Dudzinski, Pawel"]
[WhiteFideId "1106236"]
[BlackFideId "1117890"]
[WhiteElo "2304"]
[BlackElo "2193"]
[Result "1-0"]
[Round "04"]
[TimeControl "180+1"]
[Date "2021.07.13"]
[WhiteClock "0:00:48"]
[BlackClock "0:00:06"]

1. e4 c6 2. c4 d5 3. cxd5 cxd5 4. exd5 Qxd5 5. Nc3 Qd8 6. d4 Nf6 7. Nf3 e6 8. Bc4 Be7 9. O-O O-O 10. Re1 a6 11. a3 b5 12. Ba2 Bb7 13. Qd3 Nbd7 14. Bg5 Nb6 15. Rad1 Nbd5 16. Bb1 g6 17. Ne5 Nxc3 18. bxc3 Qd5 19. Qh3 Qb3 20. Bxf6 Bxf6 21. Nd7 Bg7 22. Nc5 Bxg2 23. Kxg2 Qxa3 24. Be4 Rac8 25. Ra1 Qb2 26. Bb7 Rc7 27. Reb1 Qd2 28. Qe3 Bh6 29. Qxd2 Bxd2 30. Ne4 Bxc3 31. Nxc3 Rxc3 32. Bxa6 Rd3 33. Rd1 Rxd1 34. Rxd1 b4 35. Kf3 b3 36. Rb1 Rb8 37. Rb2 Rb6 38. Be2 Rb4 39. Ke3 Kg7 40. Bd1 e5 41. dxe5 Rh4 42. f4 f6 43. exf6+ Kxf6 44. Bxb3 Rh3+ 45. Ke4 g5 46. fxg5+ Kxg5 47. Rg2+ Kh4 48. Be6 Ra3 49. h3 h5 50. Ke5 Re3+ 51. Kf6 Rf3+ 52. Bf5 Rg3 53. Rxg3 Kxg3 54. Kg5 h4 55. Bg4 Kf2 56. Kxh4 Ke3 57. Kg5 Kd4 58. Kf6 Kd5 59. h4 Kd6 60. h5 1-0


[Site "https://www.chess.com"]

[Event "Titled Tuesday Blitz July 13 2021"]
[White "Dowgird, Filip"]
[Black "Senthilkumar, Pranav"]
[WhiteFideId "1121235"]
[BlackFideId "2083477"]
[WhiteElo "2209"]
[BlackElo "2327"]
[Result "1-0"]
[Round "04"]
[TimeControl "180+1"]
[Date "2021.07.13"]
[WhiteClock "0:00:42"]
[BlackClock "0:01:21"]

1. d4 Nf6 2. Nf3 c5 3. c3 cxd4 4. cxd4 d5 5. Nc3 Nc6 6. Bg5 e6 7. e3 h6 8. Bh4 Be7 9. a3 O-O 10. Bd3 b6 11. O-O Bb7 12. Rc1 Rc8 13. Qa4 Na5 14. Ne5 Nc4 15. Nxc4 dxc4 16. Bxc4 Nd5 17. Bxd5 Bxd5 18. Bxe7 Qxe7 19. Nxd5 exd5 20. Qa6 Qd7 21. h3 Rc7 22. Rxc7 Qxc7 23. Qb5 Rd8 24. Qb3 Rd6 25. Rd1 Qc6 26. Rd2 Qc1+ 27. Qd1 Qc7 28. Rc2 Rc6 29. Rxc6 Qxc6 30. Qb3 Qc1+ 31. Kh2 Qc7+ 32. g3 Qc6 33. Qc3 Qf6 34. Kg2 Qf5 35. g4 Qe4+ 36. Kg3 h5 37. Qc8+ Kh7 38. Qf5+ Qxf5 39. gxf5 Kh6 40. Kf4 f6 41. h4 a6 42. f3 b5 43. e4 1-0


[Site "https://www.chess.com"]

[Event "Titled Tuesday Blitz July 13 2021"]
[White "Erdogdu, Mert"]
[Black "Abdusattorov, Nodirbek"]
[WhiteFideId "6301495"]
[BlackFideId "14204118"]
[WhiteElo "2485"]
[BlackElo "2662"]
[Result "0-1"]
[Round "04"]
[TimeControl "180+1"]
[Date "2021.07.13"]
[WhiteClock "0:00:18"]
[BlackClock "0:00:54"]

1. e4 e6 2. d4 d5 3. exd5 exd5 4. c4 Nf6 5. Nc3 Bb4 6. Bd3 O-O 7. Ne2 dxc4 8. Bxc4 Nc6 9. O-O Bg4 10. a3 Ba5 11. d5 Ne5 12. Ba2 Re8 13. Qa4 Bb6 14. Ng3 Qd7 15. Qc2 Nh5 16. Nce4 Nxg3 17. Nxg3 h5 18. Bf4 Ng6 19. Bg5 h4 20. d6 hxg3 21. Qxg6 gxf2+ 22. Kh1 Be6 23. Qh5 Bxa2 24. Rxa2 Qb5 25. Raa1 Qxf1+ 26. Rxf1 Re1 0-1


[Site "https://www.chess.com"]

[Event "Titled Tuesday Blitz July 13 2021"]
[White "Flores Quillas, Diego Saul Rodri"]
[Black "Pridorozhni, Aleksei"]
[WhiteFideId "3822508"]
[BlackFideId "4127870"]
[WhiteElo "2071"]
[BlackElo "2565"]
[Result "0-1"]
[Round "04"]
[TimeControl "180+1"]
[Date "2021.07.13"]
[WhiteClock "0:00:03"]
[BlackClock "0:01:09"]

1. e4 c5 2. Nf3 e5 3. Nxe5 Qe7 4. Nf3 Qxe4+ 5. Be2 Nf6 6. O-O Be7 7. Re1 Qc6 8. Ne5 Qc7 9. Bc4 d5 10. Bb5+ Nc6 11. d4 O-O 12. Bf4 Qb6 13. Bxc6 bxc6 14. Nxc6 Qxc6 15. Rxe7 cxd4 16. Qxd4 Qxc2 17. Na3 Qf5 18. Be5 Be6 19. Bxf6 Qxf6 20. Qxf6 gxf6 21. Rc1 Rfb8 22. b3 a5 23. Nc2 Rc8 24. Kf1 Ra6 25. Ke2 Rac6 26. Kd2 d4 27. Ra7 Rc3 0-1


[Site "https://www.chess.com"]

[Event "Titled Tuesday Blitz July 13 2021"]
[White "Florescu, Codrut-Constantin"]
[Black "Nguyen, Hong Ngoc"]
[WhiteFideId "1202200"]
[BlackFideId "12403083"]
[WhiteElo "2243"]
[BlackElo "1830"]
[Result "0-1"]
[Round "04"]
[TimeControl "180+1"]
[Date "2021.07.13"]
[WhiteClock "0:00:15"]
[BlackClock "0:00:41"]

1. d4 Nf6 2. c4 e6 3. Nf3 b6 4. g3 Bb7 5. Bg2 Be7 6. O-O O-O 7. Re1 Ne4 8. Nfd2 f5 9. Qc2 Nc6 10. e3 Nxd2 11. Bxd2 d6 12. a3 Qc8 13. b4 Nd8 14. e4 e5 15. dxe5 dxe5 16. exf5 Bxg2 17. Kxg2 Rxf5 18. Nc3 Qe6 19. Nd5 Bd6 20. Bc3 Nc6 21. Rad1 Raf8 22. f4 Qg6 23. b5 exf4 24. bxc6 fxg3 25. Ne7+ Bxe7 26. hxg3 Bd6 27. Qd3 Bxg3 28. Re7 Bd6+ 0-1


[Site "https://www.chess.com"]

[Event "Titled Tuesday Blitz July 13 2021"]
[White "Gabdushev, Ruslan"]
[Black "Rostovtsev, Dmitry"]
[WhiteFideId "4137833"]
[BlackFideId "34278320"]
[WhiteElo "2312"]
[BlackElo "2114"]
[Result "1-0"]
[Round "04"]
[TimeControl "180+1"]
[Date "2021.07.13"]
[WhiteClock "0:00:10"]
[BlackClock "0:00:05"]

1. c4 Nf6 2. Nc3 g6 3. e4 d6 4. g3 Bg7 5. Bg2 O-O 6. Nge2 Nc6 7. O-O e5 8. h3 a6 9. d3 b5 10. b3 b4 11. Nd5 Nxd5 12. cxd5 Ne7 13. Bd2 Rb8 14. Qc1 a5 15. a3 Ba6 16. Qc2 Bb5 17. axb4 axb4 18. Ra7 c5 19. Rfa1 Nc8 20. R7a5 f5 21. exf5 gxf5 22. Ra8 Rxa8 23. Rxa8 e4 24. Nf4 exd3 25. Qd1 Qe7 26. Ne6 Re8 27. Qh5 Qf7 28. Qg5 Nb6 29. Ra5 Bd7 30. Ra6 Nxd5 31. Nxg7 Nc3 32. Nxe8+ Kf8 33. Nxd6 Ne2+ 34. Kh2 Qxb3 35. Qf6+ Kg8 36. Bh6 Qd5 37. Qg7# 1-0


[Site "https://www.chess.com"]

[Event "Titled Tuesday Blitz July 13 2021"]
[White "Gledura, Benjamin"]
[Black "Prraneeth Vuppala"]
[WhiteFideId "712779"]
[BlackFideId "46622373"]
[WhiteElo "2326"]
[BlackElo "1759"]
[Result "0-1"]
[Round "04"]
[TimeControl "180+1"]
[Date "2021.07.13"]
[WhiteClock "0:00:14"]
[BlackClock "0:00:08"]

1. Nf3 d5 2. g3 Nd7 3. d4 Nb6 4. Bg2 Bf5 5. O-O e6 6. Ne5 Bd6 7. f3 Bxe5 8. dxe5 Ne7 9. b3 O-O 10. Bb2 c5 11. Nd2 Qc7 12. g4 Bg6 13. f4 h5 14. h3 hxg4 15. hxg4 d4 16. Nc4 Nxc4 17. bxc4 f6 18. exf6 Rxf6 19. e3 Raf8 20. Qe2 Nc6 21. Rae1 Nb4 22. exd4 Nxc2 23. d5 Nxe1 24. Rxe1 Qxf4 25. Bxf6 Rxf6 26. dxe6 Qd4+ 27. Qe3 Qxg4 28. e7 Be8 29. Qd3 b6 30. Qd5+ Kh8 31. Re4 Qg3 32. Qd8 Qf2+ 0-1


[Site "https://www.chess.com"]

[Event "Titled Tuesday Blitz July 13 2021"]
[White "Gogolev, Artem"]
[Black "Bazarov, Konstantin"]
[WhiteFideId "4116615"]
[BlackFideId "4137000"]
[WhiteElo "2191"]
[BlackElo "2190"]
[Result "1-0"]
[Round "04"]
[TimeControl "180+1"]
[Date "2021.07.13"]
[WhiteClock "0:00:13"]
[BlackClock "0:00:02"]

1. d4 Nf6 2. c4 d6 3. Nf3 c6 4. Nc3 Nbd7 5. e4 e5 6. Be2 Be7 7. h3 O-O 8. Be3 a6 9. O-O b5 10. b3 b4 11. Na4 Nxe4 12. dxe5 dxe5 13. Qc2 Nef6 14. Rfd1 Qc7 15. Bg5 c5 16. a3 bxa3 17. Rxa3 Bb7 18. Nh4 Be4 19. Qa2 h6 20. Be3 Rfd8 21. Nc3 Bb7 22. Nf5 Bf8 23. Nd5 Nxd5 24. cxd5 Nf6 25. d6 Bxd6 26. Ra4 Bf8 27. Rc1 Qd7 28. Ng3 Rdc8 29. Bxa6 Nd5 30. Bxb7 Qxb7 31. Nf5 Nb4 32. Qe2 Rxa4 33. bxa4 Qd7 34. Qg4 Kh7 35. Rd1 Qe6 36. Rd6 Qe8 37. Bxh6 gxh6 38. Nxh6 Bxh6 39. Qf5+ Kg7 40. Qg4+ Kf8 41. Rxh6 Nd5 42. Rh8+ Ke7 43. Qxc8 Qxc8 44. Rxc8 Kd6 45. a5 Nb4 46. h4 Kd5 47. h5 c4 48. h6 Nc6 49. Rxc6 c3 50. Rxc3 Kd4 51. Rh3 1-0


[Site "https://www.chess.com"]

[Event "Titled Tuesday Blitz July 13 2021"]
[White "Goltsev, Dmitry"]
[Black "Orozbaev, Eldiar"]
[WhiteFideId "24176710"]
[BlackFideId "13802240"]
[WhiteElo "2366"]
[BlackElo "1911"]
[Result "1-0"]
[Round "04"]
[TimeControl "180+1"]
[Date "2021.07.13"]
[WhiteClock "0:01:24"]
[BlackClock "0:00:03"]

1. e4 e6 2. d4 d5 3. exd5 exd5 4. Nf3 Nc6 5. c4 Nf6 6. Nc3 Bb4 7. Bd3 Bg4 8. Be3 O-O 9. O-O Re8 10. a3 Bxc3 11. bxc3 Ne4 12. cxd5 Qxd5 13. c4 Qh5 14. d5 Nb8 15. Qa4 Nd7 16. Nd4 Ndc5 17. Qc2 Nxd3 18. Qxd3 Nc5 19. Qc2 Rad8 20. Nb5 Bf5 21. Qd1 Bg4 22. Qc2 Bf5 23. Qa2 Na6 24. Rfe1 Be4 25. f3 Bg6 26. Bxa7 c6 27. dxc6 bxc6 28. Nd4 Rc8 29. Nxc6 h6 30. Ne7+ Kh7 31. Nxc8 Rxc8 32. Bf2 Nc5 33. Bxc5 Qxc5+ 34. Kh1 h5 35. Qd2 h4 36. Qf4 Qxc4 37. Qxc4 Rxc4 38. a4 h3 39. gxh3 Bh5 40. Re3 f5 41. a5 f4 42. Rb3 Rc7 43. a6 Ra7 44. Kg2 1-0


[Site "https://www.chess.com"]

[Event "Titled Tuesday Blitz July 13 2021"]
[White "Grot, Blazej"]
[Black "Kotepalli, Sai Nirupama"]
[WhiteFideId "21835845"]
[BlackFideId "5039444"]
[WhiteElo "1541"]
[BlackElo "2449"]
[Result "0-1"]
[Round "04"]
[TimeControl "180+1"]
[Date "2021.07.13"]
[WhiteClock "0:00:00"]
[BlackClock "0:00:07"]

1. e4 c5 2. Nf3 e6 3. d4 cxd4 4. Nxd4 Nf6 5. Nc3 Nc6 6. Ndb5 Bb4 7. a3 Bxc3+ 8. Nxc3 d5 9. exd5 exd5 10. Bd3 d4 11. Ne2 O-O 12. O-O Qd5 13. Nf4 Qd6 14. h3 h6 15. Nh5 Nxh5 16. Qxh5 Bd7 17. Bd2 Rfe8 18. Rae1 a6 19. f4 Ne7 20. f5 Nd5 21. Rxe8+ Rxe8 22. Bc4 Re7 23. Bxh6 gxh6 24. f6 Nxf6 25. Qxh6 Ne8 26. Qg5+ Ng7 27. Rxf7 Rxf7 28. Qd8+ Ne8 29. Qg5+ Kf8 30. Bxf7 Kxf7 31. Qh5+ Ke7 32. Qg5+ Nf6 33. Qg7+ Kd8 34. Qh8+ Kc7 35. Qh4 Bc6 36. Qg5 Qd5 37. Qg7+ Kb6 38. h4 Qe4 39. Qg5 Qxc2 40. a4 Qxb2 41. a5+ Ka7 42. Qc5+ b6 43. axb6+ Qxb6 44. Qe7+ Nd7 45. h5 d3+ 46. Kh2 Qc7+ 47. Kh1 Qb7 48. Qe3+ Nb6 49. Qxd3 Bxg2+ 50. Kg1 Bf3 51. h6 Be4 52. Qd4 Bh7 53. Qg7 Qxg7+ 54. hxg7 Bg8 55. Kf2 Nc8 56. Ke3 Nd6 57. Kd4 Ne8 58. Kc5 Nxg7 59. Kd6 Ne6 60. Ke7 a5 0-1


[Site "https://www.chess.com"]

[Event "Titled Tuesday Blitz July 13 2021"]
[White "Gurevich, Dmitry"]
[Black "Yanchenko, Roman"]
[WhiteFideId "2000407"]
[BlackFideId "4137329"]
[WhiteElo "2506"]
[BlackElo "2514"]
[Result "0-1"]
[Round "04"]
[TimeControl "180+1"]
[Date "2021.07.13"]
[WhiteClock "0:00:58"]
[BlackClock "0:00:11"]

1. d4 d5 2. c4 c6 3. Nf3 Nf6 4. e3 Bf5 5. Nc3 e6 6. Bd3 Bg6 7. O-O Bd6 8. Ne5 Bxe5 9. dxe5 Nfd7 10. cxd5 cxd5 11. f4 Nc6 12. e4 dxe4 13. Nxe4 O-O 14. Nd6 Qb6+ 15. Kh1 Bxd3 16. Qxd3 Ndxe5 17. fxe5 Nxe5 18. Qa3 Rfd8 19. Bf4 Ng6 20. Nxf7 Rf8 21. Be3 Qc6 22. Ng5 Nh4 23. Rg1 h6 24. Nh3 Rf3 25. Qc5 Qe4 26. Rae1 Rxh3 27. Bf2 Qf4 28. Bg3 Qxg3 0-1


[Site "https://www.chess.com"]

[Event "Titled Tuesday Blitz July 13 2021"]
[White "Hansen, Sune Berg"]
[Black "Chigaev, Maksim"]
[WhiteFideId "1400266"]
[BlackFideId "4108116"]
[WhiteElo "2612"]
[BlackElo "2646"]
[Result "0-1"]
[Round "04"]
[TimeControl "180+1"]
[Date "2021.07.13"]
[WhiteClock "0:00:18"]
[BlackClock "0:00:06"]

1. e4 c5 2. Nc3 d6 3. d4 cxd4 4. Qxd4 Nc6 5. Qd2 g6 6. b3 Bh6 7. f4 Nf6 8. Bb2 e5 9. Nge2 O-O 10. O-O-O Ng4 11. Re1 Be6 12. h3 Nf2 13. Rg1 Qb6 14. g4 exf4 15. g5 Bg7 16. Nxf4 Nxe4 17. Nxe4 Qxg1 18. Nf6+ Bxf6 19. Bxf6 Qc5 20. Bg2 Rfe8 21. Nd3 Qa5 22. Bc3 Qb6 23. Qf4 Bf5 24. Rf1 Qe3+ 25. Kb2 Qxf4 26. Nxf4 Be6 27. h4 Rad8 28. h5 d5 29. Bf6 d4 30. hxg6 fxg6 31. Nxe6 Rxe6 32. Bxc6 Rxf6 33. Rxf6 bxc6 34. Rxc6 Rd5 35. Rc7 Rxg5 36. Rxa7 h5 37. Re7 h4 38. Re4 h3 39. Rxd4 h2 0-1


[Site "https://www.chess.com"]

[Event "Titled Tuesday Blitz July 13 2021"]
[White "Har-Zvi, Ronen"]
[Black "Woodward, Andy"]
[WhiteFideId "2801485"]
[BlackFideId "30953499"]
[WhiteElo "2523"]
[BlackElo "2137"]
[Result "1/2-1/2"]
[Round "04"]
[TimeControl "180+1"]
[Date "2021.07.13"]
[WhiteClock "0:00:24"]
[BlackClock "0:00:07"]

1. Nf3 Nf6 2. c4 c6 3. d4 d5 4. Qc2 g6 5. cxd5 cxd5 6. Bf4 Nc6 7. e3 Bg7 8. Nc3 O-O 9. h3 Bf5 10. Qb3 Na5 11. Qa3 Nc4 12. Bxc4 dxc4 13. Be5 Bd3 14. Kd2 b5 15. Rhc1 Qb6 16. Qxe7 b4 17. Na4 Ne4+ 18. Ke1 Qc6 19. Bxg7 Kxg7 20. Nc5 Nxc5 21. Qxc5 Qxc5 22. dxc5 f6 23. Nd2 Rac8 24. Nxc4 Rxc5 25. Nd6 Rd5 26. Rc7+ Kg8 27. Nb7 Ba6 28. Nc5 Bb5 29. Rd1 Rxd1+ 30. Kxd1 Bf1 31. Ne6 Re8 32. Nf4 g5 33. Nd5 Rd8 34. Ke1 Rxd5 35. Kxf1 Rd1+ 36. Ke2 Rb1 37. Rc2 Kg7 38. b3 Kg6 39. Kd3 Rg1 40. f3 Kh5 41. Kc4 Kh4 42. Kxb4 Kg3 43. a4 Rxg2 44. Rxg2+ Kxg2 45. Kc3 Kxf3 46. b4 h5 47. b5 g4 48. hxg4 hxg4 49. a5 g3 50. b6 axb6 51. a6 g2 52. a7 g1=Q 53. a8=Q+ Kxe3 54. Qe8+ Kf2 55. Qe6 Qg3+ 56. Kc2 Qf4 57. Qxb6+ Kg3 58. Qg1+ Kh4 59. Qh1+ Kg5 60. Qg1+ Qg4 61. Qe3+ Kg6 62. Qe8+ Kh6 63. Qh8+ Kg5 64. Qg7+ Kf5 65. Qd7+ Kf4 66. Qd4+ Kg5 67. Qd8 Qe2+ 68. Kc1 Qe5 69. Qg8+ Kf4 70. Kd2 f5 71. Kd1 Qd4+ 72. Ke2 Qb2+ 73. Ke1 Kf3 74. Qd5+ Kg4 75. Qg8+ Kf4 76. Kf1 Qe5 77. Kf2 Ke4 78. Qa8+ Qd5 79. Qe8+ Kd4 80. Qh8+ Qe5 81. Qd8+ Ke4 82. Qa8+ Qd5 83. Qe8+ Kf4 84. Qe3+ Kg4 85. Qg3+ Kh5 86. Qh2+ Kg5 87. Qg3+ Kf6 88. Qh4+ Ke5 89. Qe7+ Kd4 90. Qe3+ Kc4 91. Qc1+ Kd4 92. Qe3+ Kc4 93. Qc1+ Kd4 94. Qe3+ 1/2-1/2


[Site "https://www.chess.com"]

[Event "Titled Tuesday Blitz July 13 2021"]
[White "Hebden, Mark L"]
[Black "Colbow, Collin"]
[WhiteFideId "400084"]
[BlackFideId "16201132"]
[WhiteElo "2457"]
[BlackElo "2137"]
[Result "1-0"]
[Round "04"]
[TimeControl "180+1"]
[Date "2021.07.13"]
[WhiteClock "0:00:18"]
[BlackClock "0:00:03"]

1. d4 Nf6 2. Nf3 e6 3. c3 c5 4. Bg5 b6 5. e4 h6 6. Bxf6 Qxf6 7. Bd3 Bb7 8. O-O cxd4 9. cxd4 Nc6 10. e5 Qf4 11. Be2 d6 12. Nc3 dxe5 13. g3 Qf6 14. Bb5 O-O-O 15. Rc1 Kb8 16. Ne4 Qg6 17. Bxc6 Bxc6 18. Nxe5 Qxe4 19. Nxc6+ Kc7 20. Nxd8+ Kxd8 21. Qa4 Qb7 22. d5 exd5 23. Rfd1 Bc5 24. b4 Be7 25. Qb3 Bf6 26. Rxd5+ Ke7 27. Re1+ Kf8 28. Qf3 Qc8 29. Red1 h5 30. Rd7 h4 31. Qb7 Qxb7 32. Rxb7 g6 33. Rdd7 Rh7 34. Kg2 h3+ 35. Kf3 a5 36. bxa5 bxa5 37. Rdc7 Bd4 38. g4 Kg8 39. Rd7 Be5 40. Rb5 Bxh2 41. Rb1 Be5 42. Rh1 h2 43. Kg2 Rh4 44. f3 Kg7 45. Rd5 f6 46. Rxa5 Rh8 47. Rxe5 fxe5 48. Rxh2 Ra8 49. Kg3 Ra3 50. Re2 Kf6 51. Kf2 Ra5 52. Ke3 Kg5 53. Ke4 Kf6 54. Rb2 Ra4+ 55. Kd5 Ra5+ 56. Kc4 Ra4+ 57. Kb5 Rf4 58. Rb3 e4 59. fxe4 Rxe4 60. Rb4 Re2 61. a4 Ra2 62. a5 Kg5 63. Kb6 Ra3 64. a6 Kh4 65. a7 g5 66. Kb7 Ra5 67. a8=Q Rxa8 68. Kxa8 Kg3 69. Kb7 1-0


[Site "https://www.chess.com"]

[Event "Titled Tuesday Blitz July 13 2021"]
[White "Holt, Conrad"]
[Black "Nathan, Nitish"]
[WhiteFideId "2034387"]
[BlackFideId "30927870"]
[WhiteElo "2586"]
[BlackElo "2245"]
[Result "1-0"]
[Round "04"]
[TimeControl "180+1"]
[Date "2021.07.13"]
[WhiteClock "0:01:41"]
[BlackClock "0:01:35"]

1. d4 d5 2. c4 c6 3. Nc3 Nf6 4. e3 e6 5. Bd3 Bd6 6. e4 dxe4 7. Nxe4 Nxe4 8. Bxe4 Nd7 9. Nf3 Nf6 10. Bc2 O-O 11. O-O b6 12. Qd3 g6 13. Bg5 Be7 14. Rad1 Bb7 15. Qe3 Ng4 16. Qf4 Bxg5 17. Nxg5 Nf6 18. Qh4 Nh5 19. Rfe1 h6 20. Nf3 Qxh4 21. Nxh4 Nf6 22. c5 b5 23. Nf3 Rad8 24. Ne5 Nd7 25. Be4 Nb8 26. b4 Kg7 27. f4 Rc8 28. g4 Na6 29. a3 Nc7 30. Nxc6 Nd5 31. Bxd5 exd5 32. Na5 Ba8 33. Re7 Rfe8 34. Rde1 Kf8 35. Rxe8+ Rxe8 36. Rxe8+ Kxe8 37. g5 h5 38. Kf2 Kd7 39. f5 Ke7 40. Kg3 Kd7 41. Kf4 Kd8 42. Ke5 Ke7 43. fxg6 fxg6 44. h4 a6 45. c6 Kd8 46. Kd6 Kc8 47. Kxd5 Kc7 48. Kc5 Kc8 49. d5 Kc7 50. d6+ Kc8 51. Kb6 Bxc6 52. Kxc6 Kb8 53. d7 Ka7 54. Nb7 a5 55. d8=Q a4 56. Qa5+ Kb8 57. Nc5 Kc8 58. Qc7# 1-0


[Site "https://www.chess.com"]

[Event "Titled Tuesday Blitz July 13 2021"]
[White "Ibrahimli, Murad"]
[Black "Pourkashiyan, Atousa"]
[WhiteFideId "13410229"]
[BlackFideId "12502014"]
[WhiteElo "2109"]
[BlackElo "2285"]
[Result "1/2-1/2"]
[Round "04"]
[TimeControl "180+1"]
[Date "2021.07.13"]
[WhiteClock "0:00:07"]
[BlackClock "0:00:11"]

1. Nf3 d5 2. g3 Nf6 3. Bg2 e6 4. O-O Be7 5. c4 O-O 6. d4 dxc4 7. Qc2 a6 8. a4 Bd7 9. Qxc4 Bc6 10. Bg5 Bd5 11. Qd3 Be4 12. Qd1 c5 13. Nbd2 Bc6 14. dxc5 Bxc5 15. Nc4 Qxd1 16. Rfxd1 Ne4 17. Be3 Bxe3 18. Nxe3 Nc5 19. a5 Nbd7 20. Nc4 Nb3 21. Ra3 Ndc5 22. Nfe5 Bxg2 23. Kxg2 Rad8 24. Nd7 Rfe8 25. Nxc5 Nxc5 26. Rxd8 Rxd8 27. b4 Ne4 28. f3 Nd2 29. Nb6 f6 30. Rc3 Nb1 31. Rc7 Rd2 32. Kf1 Rb2 33. Rxb7 Rxb4 34. Ra7 Nd2+ 35. Kf2 Nb3 36. Rxa6 Nxa5 37. Nc8 Nc4 38. Rxe6 Ne5 39. Re8+ Kf7 40. Nd6+ Kg6 41. g4 h5 42. h3 hxg4 43. hxg4 Rb2 44. Nf5 Nd3+ 45. Kg3 Nc1 46. Re7 Nxe2+ 47. Kh4 Kh7 48. Rxg7+ Kh8 49. Rf7 Rb6 50. Kh5 Nf4+ 51. Kh6 Kg8 52. Rg7+ Kf8 53. Rd7 Ke8 54. Rd6 Rxd6 55. Nxd6+ Ke7 56. Nf5+ Kf7 57. Nd6+ Ke6 58. Nf5 Kf7 59. Kh7 Ne2 60. Ne3 Nd4 61. f4 Ne2 62. f5 Nf4 63. Kh6 Nd3 64. Kh5 Ne5 65. Kh4 Nf3+ 66. Kg3 Ne5 67. Kf4 Nd3+ 68. Ke4 Nf2+ 69. Kd5 Ke7 70. Kc6 Ne4 71. Nd5+ Kf7 72. Kd7 Nf2 73. Ne3 Ne4 74. Kc6 Nf2 75. Kd5 Nd3 76. Ke4 Nf2+ 77. Kf3 Nd3 78. Nc4 Ne1+ 79. Ke4 Ng2 80. Ne3 Ne1 81. Nd5 Ng2 82. Nf4 Ne1 83. Ke3 Nc2+ 84. Kd3 Nb4+ 85. Kc3 Nc6 86. Nd3 Kg7 87. Kc4 Kh6 88. Kd5 Nd8 89. Ke4 Kg5 90. Kf3 Nc6 91. Kg3 Nd4 92. Nf4 Nxf5+ 93. gxf5 Kxf5 94. Kf3 Ke5 95. Nh5 f5 1/2-1/2


[Site "https://www.chess.com"]

[Event "Titled Tuesday Blitz July 13 2021"]
[White "Iskusnyh, Sergei"]
[Black "Obolentseva, Alexandra"]
[WhiteFideId "4120027"]
[BlackFideId "24153648"]
[WhiteElo "2492"]
[BlackElo "2113"]
[Result "1-0"]
[Round "04"]
[TimeControl "180+1"]
[Date "2021.07.13"]
[WhiteClock "0:01:16"]
[BlackClock "0:01:42"]

1. d4 Nf6 2. c4 g6 3. g3 Bg7 4. Bg2 O-O 5. Nc3 d6 6. Nf3 c5 7. O-O cxd4 8. Nxd4 Nc6 9. Nc2 e6 10. b3 Qe7 11. Ba3 Rd8 12. Rc1 Rb8 13. e4 a6 14. Qe2 Nd7 15. Ne3 Nd4 16. Qd1 b5 17. cxb5 axb5 18. Bb2 Bb7 19. Ncd5 exd5 20. Bxd4 dxe4 21. Bxg7 Kxg7 22. Rc7 Rdc8 23. Qa1+ Kg8 24. Ng4 1-0


[Site "https://www.chess.com"]